 Dungeon Crawl Stone Soup version 0.26-a0-935-g3624241d3c (webtiles) character file.

Game seed: 10892162992565759125

65601 marklar909 the Whirler (level 15, -3/114 HPs)
             Began as a Halfling Hunter on Nov 25, 2020.
             Was the Champion of Okawaru.
             Hit by a boomerang thrown by a merfolk (12 damage)
             ... on level 1 of the Shoals on Nov 27, 2020.
             The game lasted 00:39:17 (25468 turns).

marklar909 the Whirler (Halfling Hunter)           Turns: 25468, Time: 00:39:17

Health: -3/114     AC: 16    Str: 18    XL:     15   Next: 58%
Magic:  22/22      EV: 19    Int:  6    God:    Okawaru [******]
Gold:   1631       SH:  9    Dex: 20    Spells: 14/14 levels left

rFire    + + +     SeeInvis +   C - +10 fustibalus of Okawaru's Pride {flame, rPois rF++ Int-3 Dex+3}
rCold    . . .     Faith    +   O - +1 buckler {rF+}
rNeg     + . .     Spirit   .   V - +0 scale mail {rPois}
rPois    +         Reflect  .   w - +1 helmet
rElec    .         Harm     .   q - +1 cloak
rCorr    .         Rampage  .   x - +2 pair of gloves
MR       +....                  (no boots)
Stlth    +.........             f - amulet of faith
HPRegen  0.29/turn              X - ring of see invisible
MPRegen  0.18/turn              T - ring of positive energy

@: very slow
A: small, mutation resistance 1
a: Heroism, Finesse, Renounce Religion


You were on level 1 of the Shoals.
You worshipped Okawaru.
Okawaru was exalted by your worship.
You visited 3 branches of the dungeon, and saw 17 of its levels.

You collected 1631 gold pieces.

Inventory:

Hand Weapons
 C - the +10 fustibalus of Okawaru's Pride (weapon) {flame, rPois rF++ Int-3 Dex+3}
   (Okawaru gifted it to you on level 5 of the Lair of Beasts)

   It causes projectiles fired from it to burn those they strike, causing extra
   injury to most foes and up to half again as much damage against particularly
   susceptible opponents.
   It affects your intelligence (-3).
   It affects your dexterity (+3).
   It greatly protects you from fire.
   It protects you from poison.
 R - the +5 hunting sling of Dissent {freeze, rC+}
   (Okawaru gifted it to you on level 2 of the Lair of Beasts)

   It causes projectiles fired from it to freeze those they strike, causing
   extra injury to most foes and up to half again as much damage against
   particularly susceptible opponents.
   They can also slow down cold-blooded creatures.
   It protects you from cold.
Missiles
 d - 427 sling bullets
 e - 311 stones (quivered)
Armour
 q - a +1 cloak (worn)
 w - a +1 helmet (worn)
 x - a +2 pair of gloves (worn)
 O - a +1 buckler of fire resistance (worn)
 V - a +0 scale mail of poison resistance (worn)
Jewellery
 f - an amulet of faith (around neck)
 k - an uncursed ring of protection from cold {unknown}
 S - an uncursed ring of resist corrosion
 T - a ring of positive energy (right hand)
 X - a ring of see invisible (left hand)
Wands
 j - a wand of random effects (26)
 B - a wand of digging (8)
 E - a wand of polymorph (24)
 F - a wand of acid (14)
 G - a wand of paralysis (11)
Scrolls
 g - 2 scrolls of magic mapping
 h - 2 scrolls of identify
 l - 3 scrolls of teleportation
 m - 16 scrolls of remove curse
 n - a scroll of summoning
 r - 2 scrolls of amnesia
 u - a scroll of fog
 M - a scroll of blinking
 N - 2 scrolls of fear
 U - 3 scrolls of immolation
Potions
 a - 4 potions of resistance
 b - 2 potions of lignification
 c - 4 potions of haste
 i - 4 potions of magic
 o - 10 potions of curing
 p - 2 potions of invisibility
 s - 2 potions of ambrosia
 v - 2 potions of brilliance
 z - 4 potions of might
 A - 3 potions of flight
 I - a potion of heal wounds
 K - 4 potions of mutation
 Q - 2 potions of cancellation
Miscellaneous
 L - a condenser vane


   Skills:
 * Level 14.4 Fighting
 + Level 17.4 Slings
 * Level 9.7 Armour
 * Level 9.3 Dodging
 + Level 2.4 Stealth
 * Level 8.7 Shields
 * Level 9.9 Invocations
 + Level 0.6 Evocations


You had 14 spell levels left.
You didn't know any spells.
Your spell library contained the following spells:

 Spells                   Type           Power        Failure   Level
 Animate Skeleton         Necr           #.....       78%         1
 Beastly Appendage        Tmut           #.....       78%         1
 Magic Dart               Conj           #...         78%         1
 Pain                     Necr           #...         78%         1
 Sting                    Tmut/Pois      #...         78%         1
 Blink                    Tloc           N/A          89%         2
 Call Imp                 Summ           #.......     89%         2
 Ensorcelled Hibernation  Hex/Ice        #.....       89%         2
 Poisonous Vapours        Pois/Air       #.....       89%         2
 Searing Ray              Conj           #.....       89%         2
 Slow                     Hex            #.......     89%         2
 Wereblood                Tmut           #.......     89%         2
 Conjure Flame            Conj/Fire      #.......     98%         3
 Ignite Poison            Fire/Tmut/Pois #.......     98%         3
 Mephitic Cloud           Conj/Pois/Air  #.......     98%         3
 Spider Form              Tmut/Pois      #.........   98%         3
 Stone Arrow              Conj/Erth      #.....       98%         3
 Vampiric Draining        Necr           #.........   98%         3
 Animate Dead             Necr           #.........   100%        4
 Ice Form                 Ice/Tmut       #.......     100%        4
 Olgreb's Toxic Radiance  Pois           #.......     100%        4
 Agony                    Necr           #.......     100%        5
 Blade Hands              Tmut           #.........   100%        5
 Borgnjor's Vile Clutch   Necr/Erth      #.........   100%        5
 Death Channel            Necr           #.........   100%        6
 Freezing Cloud           Conj/Ice/Air   #.........   100%        6
 Simulacrum               Ice/Necr       #.........   100%        6
 Spellforged Servitor     Conj/Summ      #.........   100%        7


Dungeon Overview and Level Annotations

Branches:
Dungeon (10/15)            Temple (0/1) D:6            Lair (6/6) D:9
 Shoals (1/4) Lair:4       Spider (0/4) Lair:3        Slime (0/5) Lair:6
    Orc: D:9-12

Altars:
Kikubaaqudgha
Okawaru
Xom
Jiyva

Shops:
D:7 :

Annotations:
D:4 2 runed translucent doors, ardl's ghost, amateur HuAE
D:5 1 runed translucent door, miscthings's ghost, novice HaHu
D:6 1 runed translucent door, Demosthentine's ghost, novice MfGl
Lair:1 3 runed translucent doors, Deeps's ghost, journeyman HOFi
Lair:2 exclusion: oklob plant


Innate Abilities, Weirdness & Mutations

You are small and have problems with some larger weapons.
You are somewhat resistant to further mutation.


Message History

Press: ? - help, Q - select action, (/) - cycle Shift-Dir - straight line, f - merfolk
Aim: a merfolk, wielding a +0 trident and quivering 6 boomerangs You shoot a stone.
The stone hits the merfolk!!
The stone burns the merfolk.
The merfolk is moderately wounded.
The merfolk throws a silver boomerang.
The silver boomerang hits you but does no damage.
* * * LOW HITPOINT WARNING * * *
The weapon returns to the merfolk!
The merfolk throws a boomerang.
The boomerang hits you but does no damage.
The weapon returns to the merfolk!
Unknown command.
Fire: 312 stones
Press: ? - help, Q - select action, (/) - cycle Shift-Dir - straight line, f/p - merfolk
Aim: a merfolk, wielding a +0 trident and quivering 6 boomerangs (moderately wounded)
You shoot a stone. The stone misses the merfolk.
The merfolk throws a silver boomerang.
The silver boomerang hits you!
* * * LOW HITPOINT WARNING * * *
x2 The weapon returns to the merfolk!
The merfolk throws a boomerang.
The boomerang hits you!
You die...

≈≈≈≈≈≈≈≈≈≈≈≈≈≈≈
≈≈≈
≈≈≈≈≈≈≈≈≈≈≈≈≈≈≈
≈≈≈
≈≈≈≈≈≈≈≈≈≈≈≈≈≈≈
≈≈≈
≈≈≈≈≈≈≈≈≈≈≈≈≈≈≈
≈≈≈
≈≈≈≈≈≈≈≈≈≈≈≈≈≈≈
≈≈≈
≈≈≈≈≈≈≈≈≈≈≈≈≈≈≈
≈≈≈
≈≈≈≈≈≈≈≈≈≈≈≈≈≈≈
≈≈≈
≈≈≈≈≈≈≈@≈≈...≈≈
≈≈≈
≈≈≈≈≈≈≈≈≈......
≈≈≈
≈≈≈≈≈≈≈....###.
≈≈≈≈≈
≈≈≈≈≈≈≈....#
≈≈≈≈≈≈≈
≈≈≈≈≈≈≈......
≈≈≈≈≈≈≈
≈≈≈≈≈≈≈..##..≈
≈≈≈≈≈≈≈
≈≈≈≈≈m.m## ...≈
≈≈≈≈≈≈≈
≈≈≈≈≈..(. ..≈
≈≈≈≈≈≈≈ ≈≈≈≈≈≈≈


You could see 2 merfolk.

Vanquished Creatures
  2 entropy weavers (Lair:5)
  A dire elephant (Lair:6)
  Snorg (D:10)
  2 boulder beetles
  Erica (D:9)
  2 catoblepae
  7 hydras
  A two-headed ogre (D:9)
  3 death yaks (Lair:6)
  A deep troll shaman (Lair:6)
  A queen ant (Lair:5)
  Sonja (Lair:6)
  A sea snake (Shoals:1)
  2 oklob plants (Shoals:1)
  6 black mambas
  2 merfolk sirens (Shoals:1)
  Maurice (D:8)
  16 elephants
  2 water nymphs (Shoals:1)
  Psyche (D:10)
  A torpor snail (Lair:2)
  15 cane toads
  14 komodo dragons
  3 rime drakes
  2 ice devils (Lair:4)
  2 merfolk (Shoals:1)
  5 polar bears
  2 trolls
  14 blink frogs
  3 snapping turtles (Shoals:1)
  Sigmund (D:2)
  2 wraiths (D:10)
  6 spriggans (Lair:6)
  A redback (Lair:3)
  2 water elementals (Shoals:1)
  7 wyverns
  6 basilisks
  54 yaks
  2 steam dragons
  26 soldier ants (Lair:5)
  10 water moccasins
  5 orc warriors
  4 ice beasts
  4 black bears
  4 phantoms
  A necrophage (D:10)
  25 wolves
  5 ogres
  6 centaurs
  18 bullfrogs
  A scorpion (D:4)
  4 killer bees (D:10)
  13 wights
  6 howler monkeys (D:8)
  3 electric eels (D:6)
  A jelly (D:6)
  A centaur zombie (D:9)
  4 bullfrog zombies
  A quasit (D:8)
  9 orc priests
  A bullfrog skeleton (D:5)
  A hound (D:5)
  11 orc wizards
  Crazy Yiuf (D:2)
  A centaur skeleton (D:10)
  25 worker ants
  19 iguanas
  Natasha (thrice) (D:2)
  5 hell rats (Lair:2)
  Terence (D:3)
  A killer bee zombie (D:8)
  A hound skeleton (D:5)
  Robin (D:3)
  8 adders
  4 gnolls (D:6)
  A worker ant zombie (D:10)
  2 shadow imps
  3 white imps
  4 ufetubi
  An ooze (D:4)
  An adder zombie (D:5)
  An adder skeleton (D:5)
  12 dart slugs
  10 leopard geckos
  34 orcs
  7 giant cockroaches
  14 goblins
  9 hobgoblins
  11 jackals
  6 quokkas
  3 ball pythons
  5 bats
  12 frilled lizards
  2 jackal skeletons
  4 kobolds (D:1)
  7 rats
579 creatures vanquished.

Vanquished Creatures (others)
  32 bushes
  43 fungi
  56 plants
  8 withered plants (D:9)
139 creatures vanquished.

Grand Total: 718 creatures vanquished

Notes
Turn   | Place    | Note
-------+----------+-------------------------------------------
     0 | D:1      | marklar909 the Halfling Hunter began the quest for the Orb.
     0 | D:1      | Reached XP level 1. HP: 14/14 MP: 1/1
    71 | D:1      | Reached skill level 6 in Slings
   126 | D:1      | Reached XP level 2. HP: 19/19 MP: 2/2
   790 | D:2      | Reached XP level 3. HP: 24/24 MP: 3/3
   864 | D:2      | Found a runed translucent door.
   865 | D:2      | Noticed Crazy Yiuf
   937 | D:2      | Reached skill level 7 in Slings
  1173 | D:2      | Noticed Sigmund
  1182 | D:2      | Killed Sigmund
  1183 | D:2      | Reached skill level 8 in Slings
  1183 | D:2      | Reached skill level 1 in Armour
  1183 | D:2      | Reached XP level 4. HP: 22/30 MP: 4/4
  1183 | D:2      | Reached XP level 5. HP: 26/35 MP: 5/5
  1183 | D:2      | Reached XP level 6. HP: 30/41 MP: 6/6
  1302 | D:2      | Found an iron altar of Okawaru.
  1490 | D:2      | Noticed Natasha
  1496 | D:2      | Killed Natasha
  1692 | D:2      | Noticed Natasha
  1702 | D:2      | Killed Natasha
  1703 | D:2      | Reached skill level 9 in Slings
  1730 | D:2      | Became a worshipper of Warmaster Okawaru
  1808 | D:2      | Killed Crazy Yiuf
  1881 | D:2      | Noticed Natasha
  1889 | D:2      | Killed Natasha
  2293 | D:3      | Noticed Robin
  2563 | D:3      | Killed Robin
  2581 | D:3      | Reached XP level 7. HP: 33/46 MP: 7/7
  2826 | D:3      | You fall into a shaft and drop 1 floor!
  2915 | D:3      | Noticed Terence
  2926 | D:3      | Killed Terence
  3296 | D:4      | Reached skill level 10 in Slings
  3331 | D:4      | Reached * piety under Okawaru
  3498 | D:4      | Found a large runed translucent door.
  3498 | D:4      | Found a large runed translucent door.
  3499 | D:4      | Noticed ardl's ghost (amateur HuAE)
  3812 | D:4      | Upgraded the game from 0.26-a0-863-g3bff4b215c to
                  | 0.26-a0-935-g3624241d3c
  3822 | D:5      | Entered Level 5 of the Dungeon
  3945 | D:5      | Noticed miscthings's ghost (novice HaHu)
  3946 | D:5      | Found a runed translucent door.
  3964 | D:5      | Reached XP level 8. HP: 54/54 MP: 8/8
  4258 | D:5      | Identified the Almanac of Freezing Arcane Weapons
  4431 | D:5      | Reached ** piety under Okawaru
  4497 | D:5      | Reached skill level 11 in Slings
  4716 | D:5      | Reached skill level 5 in Fighting
  4945 | D:5      | Reached XP level 9. HP: 60/61 MP: 9/9
  5291 | D:6      | Found a staircase to the Ecumenical Temple.
  5655 | D:6      | Reached skill level 1 in Invocations
  5933 | D:6      | Reached *** piety under Okawaru
  5934 | D:6      | Reached skill level 12 in Slings
  6174 | D:6      | Found a runed translucent door.
  6175 | D:6      | Found a shimmering altar of Xom.
  6175 | D:6      | Noticed Demosthentine's ghost (novice MfGl)
  6175 | D:6      | Noticed a +1 spear of chaos
  6274 | D:6      | Reached skill level 5 in Dodging
  7167 | D:7      | Found Ruhen's Book Shop.
  7987 | D:8      | Reached skill level 5 in Armour
  8051 | D:8      | Reached XP level 10. HP: 69/69 MP: 11/11
  8122 | D:8      | Reached **** piety under Okawaru
  8798 | D:8      | Received a gift from Okawaru
  8998 | D:8      | Noticed Maurice
  9036 | D:8      | Killed Maurice
  9447 | D:9      | Received a gift from Okawaru
  9464 | D:8      | Reached skill level 13 in Slings
  9663 | D:9      | Reached ***** piety under Okawaru
  9935 | D:9      | Found an ancient bone altar of Kikubaaqudgha.
 10046 | D:9      | Noticed Erica
 10061 | D:9      | Reached XP level 11. HP: 71/78 MP: 11/14
 10072 | D:9      | Paralysed by something for 3 turns
 10549 | D:8      | Received a gift from Okawaru
 11317 | D:9      | Paralysed by Erica for 5 turns
 11328 | D:9      | Paralysed by Erica for 2 turns
 11333 | D:9      | Killed Erica
 11333 | D:9      | Received a gift from Okawaru
 11334 | D:9      | Reached skill level 1 in Shields
 11430 | D:9      | Noticed a two-headed ogre
 11439 | D:9      | Killed a two-headed ogre
 11440 | D:9      | Reached skill level 5 in Invocations
 11717 | D:9      | Received a gift from Okawaru
 11945 | D:9      | Found a staircase to the Lair.
 12200 | D:10     | Entered Level 10 of the Dungeon
 12297 | D:10     | Noticed Snorg
 12419 | D:10     | Received a gift from Okawaru
 12420 | D:10     | Reached skill level 10 in Fighting
 12600 | D:10     | Received a gift from Okawaru
 12881 | D:10     | Reached XP level 12. HP: 87/87 MP: 16/16
 12999 | D:10     | Reached skill level 14 in Slings
 13014 | D:10     | Killed Snorg
 13014 | D:10     | Reached ****** piety under Okawaru
 13014 | D:10     | Received a gift from Okawaru
 13563 | D:10     | Noticed Psyche
 13580 | D:10     | Killed Psyche
 13580 | D:10     | Received a gift from Okawaru
 13970 | Lair:1   | Entered Level 1 of the Lair of Beasts
 14122 | Lair:1   | Noticed a seven-headed hydra
 14877 | Lair:2   | Noticed a death yak
 16142 | Lair:2   | Received a gift from Okawaru
 16143 | Lair:2   | Reached skill level 5 in Shields
 16529 | Lair:2   | Got a smoking hunting sling {god gift}
 16530 | Lair:2   | Identified the +5 hunting sling of Dissent {freeze, rC+}
                  | (Okawaru gifted it to you on level 2 of the Lair of Beasts)
 16544 | Lair:3   | Reached XP level 13. HP: 85/95 MP: 17/17
 16626 | Lair:3   | Found a hole to the Spider Nest.
 16696 | Lair:3   | Noticed a four-headed hydra
 16703 | Lair:3   | Killed a four-headed hydra
 16704 | Lair:3   | Reached skill level 15 in Slings
 17131 | Lair:3   | Received a gift from Okawaru
 18396 | Lair:1   | Found a runed translucent gate.
 18396 | Lair:1   | Found a runed translucent gate.
 18396 | Lair:1   | Found a runed translucent gate.
 18413 | Lair:1   | Noticed a minotaur
 18416 | Lair:1   | Noticed Deeps's ghost (journeyman HOFi)
 18538 | Lair:1   | Killed a seven-headed hydra
 18976 | Lair:4   | Noticed a six-headed hydra
 18984 | Lair:4   | Killed a six-headed hydra
 18987 | Lair:4   | Noticed a four-headed hydra
 18999 | Lair:4   | Killed a four-headed hydra
 18999 | Lair:4   | Received a gift from Okawaru
 19013 | Lair:4   | Reached XP level 14. HP: 84/104 MP: 20/20
 19273 | Lair:4   | Found a staircase to the Shoals.
 19580 | Lair:4   | Reached skill level 16 in Slings
 20600 | Lair:4   | Got a brightly glowing chain mail {god gift}
 20601 | Lair:4   | Identified the +1 chain mail "Teicarusm" {rF+} (Okawaru
                  | gifted it to you on level 4 of the Lair of Beasts)
 21161 | Lair:5   | Noticed an entropy weaver
 21184 | Lair:5   | Noticed an entropy weaver
 21867 | Lair:5   | Killed an entropy weaver
 21867 | Lair:5   | Received a gift from Okawaru
 21909 | Lair:5   | Killed an entropy weaver
 21909 | Lair:5   | Received a gift from Okawaru
 22161 | Lair:5   | Got a fine fustibalus {god gift}
 22162 | Lair:5   | Identified the +10 fustibalus of Okawaru's Pride {flame,
                  | rPois rF++ Int-3 Dex+3} (Okawaru gifted it to you on level
                  | 5 of the Lair of Beasts)
 22746 | Lair:6   | Entered Level 6 of the Lair of Beasts
 23069 | Lair:6   | Reached XP level 15. HP: 112/112 MP: 22/22
 23136 | Lair:6   | Noticed Sonja
 23272 | Lair:6   | Received a gift from Okawaru
 23358 | Lair:6   | Killed Sonja
 23358 | Lair:6   | Received a gift from Okawaru
 23487 | Lair:6   | Found a staircase to the Slime Pits.
 23487 | Lair:6   | Found a viscous altar of Jiyva.
 23526 | Lair:6   | Reached skill level 17 in Slings
 23803 | Lair:6   | Received a gift from Okawaru
 24027 | Lair:6   | Got a scorched chain mail
 24028 | Lair:6   | Identified the +7 chain mail of the Griffon {rElec Dex+6}
                  | (You found it on level 6 of the Lair of Beasts)
 24591 | Shoals:1 | Entered Level 1 of the Shoals
 25468 | Shoals:1 | Hit by a boomerang thrown by a merfolk

Illustrated notes

Levels and vault maps discovered:
D:1:      dpeg_arrival_solitude, layout_loops_ring,
          chequers_serial_rivers_micro_c
D:2:      layout_rooms, grunt_ministairs_12, minmay_liquid_box,
          okawaru_ov_weapons_minmay, uniq_crazy_yiuf_cottage, uniq_natasha,
          uniq_sigmund
D:3:      layout_rooms, uniq_robin, uniq_terence
D:4:      layout_gridville, ebering_ghost_disaster_area
D:5:      layout_layer_cave, hellmonk_ghost_happy_afterlife
D:6:      kennysheep_slugbush, layout_basic, minmay_temple_entry_junction_2,
          ebering_ghost_xom
D:7:      layout_gridville, serial_shops, nicolae_shop_waterfront
D:8:      layout_basic, uniq_maurice
D:9:      layout_rooms, kiku_gazebo_garden_becter, erik_lair_dragon, uniq_erica
D:10:     layout_basic, chequers_serial_rivers_room_a, minmay_hedge_maze,
          uniq_psyche, uniq_snorg
Lair:1:   lemuel_reptile_caves, layout_gridlike, maelrawn_ghost_gauntlet_escape
Lair:2:   layout_cave_pods, hangedman_lair_generics_rect,
          minmay_lair_oklob_chamber, grunt_megastairs_1
Lair:3:   layout_loops_ring, spider_nest_entry_rubble
Lair:4:   layout_roguey, elwin_shoals_entry_rocks,
          portal_ice_cave_demonic_guard, small_statue_intersection,
          serial_bayou_pond_c, minmay_shattered_shrine
Lair:5:   layout_gridlike, chequers_serial_rivers_micro_c, minivault_29
Lair:6:   grunt_lair_end_beastmaster, layout_cave_pods, slime_altar_1,
          chequers_serial_rivers_small_a, st_stairs_5, wad_woods_01, uniq_sonja
Shoals:1: layout_shoals, nicolae_shoals_this_corrosion

Skill      XL: |  1  2  3  4  5  6  7  8  9 10 11 12 13 14 15 |
---------------+----------------------------------------------+-----
Slings         | 6 8 9 10 11 12 13 14 15 16 17 | 17.4
Fighting       | 2 3 5 6 8 10 11 12 13 14 | 14.4
Armour         | 1 2 3 5 6 7 8 9 |  9.7
Dodging        | 3 4 5 6 7 8 9 |  9.3
Invocations    | 2 4 5 6 8 9 |  9.9
Shields        | 2 5 7 8 |  8.7
Stealth        | 2 |  2.4
Evocations     | |  0.6

Action                   |  1- 3 |  4- 6 |  7- 9 | 10-12 | 13-15 || total
-------------------------+-------+-------+-------+-------+-------++-------
 Fire: Hunting sling     |    72 |   118 |   643 |  1277 |   988 ||  3098
       Fustibalus        |       |       |       |       |   410 ||   410
Invok: Heroism           |       |       |     3 |    10 |     2 ||    15
       Finesse           |       |       |       |     3 |     1 ||     4
Evoke: Wand              |       |       |       |     7 |     2 ||     9
       Condenser vane    |       |       |       |     1 |       ||     1
  Use: Scroll            |       |     3 |    16 |     6 |    18 ||    43
       Potion            |       |       |       |     3 |     2 ||     5
Armor: Leather armour    |     4 |     2 |       |       |       ||     6
       Scale mail        |       |    10 |    54 |   138 |    84 ||   286
       Skin              |       |       |       |     1 |       ||     1
Dodge: Dodged            |    22 |    30 |   138 |   354 |   230 ||   774
Block: Buckler           |       |       |       |   140 |   125 ||   265

Table legend: (Time is in decaauts)
 A = Elapsed time spent in this place.
 B = Non-inter-level travel time spent in this place.
 C = Inter-level travel time spent in this place.
 D = Time resting spent in this place.
 E = Time spent auto-exploring this place.
 F = Levels seen in this place.
 G = Mean time per level.
                   A        B        C        D        E       F      G
               +--------+--------+--------+--------+--------+-----+--------+
         Total |  24340 |  22583 |   1757 |   1405 |  17469 |  17 | 1431.8 |
       Dungeon |  13469 |  12300 |   1169 |    439 |   9894 |  10 | 1346.9 |
          Lair |   9980 |   9395 |    585 |    951 |   6851 |   6 | 1663.3 |
        Shoals |    890 |    888 |      2 |     14 |    723 |   1 |  890.0 |
               +--------+--------+--------+--------+--------+-----+--------+

Top non-repeatable levels by time:
     D:8: 2585 daAuts
  Lair:2: 2409 daAuts
  Lair:4: 1829 daAuts
     D:9: 1739 daAuts
     D:2: 1692 daAuts
  Lair:5: 1605 daAuts
  Lair:6: 1577 daAuts
    D:10: 1517 daAuts
     D:6: 1446 daAuts
  Lair:3: 1437 daAuts
     D:5: 1371 daAuts
  Lair:1: 1121 daAuts
     D:7: 1051 daAuts
Shoals:1: 890 daAuts
     D:1: 718 daAuts
